 Dungeon Crawl Stone Soup version 0.19-a0-48-g9fa930a (webtiles) character file.

128 Kenran the Twirler (level 5, -19/30 HPs)
             Began as a Gargoyle Gladiator on May 6, 2016.
             Killed from afar by a sheep (32 damage)
             ... with an exploding inner flame
             ... on level 4 of the Dungeon.
             The game lasted 00:07:35 (2928 turns).

Kenran the Twirler (Gargoyle Gladiator)             Turns: 2928, Time: 00:07:35

Health: -19/30     AC: 14    Str: 19    XL:     5   Next: 11%
Magic:  5/5        EV:  7    Int:  9    God:
Gold:   161        SH:  0    Dex: 10    Spells: 0 memorised, 4 levels left

rFire  . . .     SeeInvis .     a - +1 quarterstaff
rCold  . . .     Gourm    .     b - +0 chain mail
rNeg   + . .     Faith    .     (shield currently unavailable)
rPois  ∞         Spirit   .     k - +1 helmet
rElec  +         Dismiss  .     (no cloak)
rCorr  .         Reflect  .     (no gloves)
SustAt .         Harm     .     (no boots)
MR     .....                    (no amulet)
Stlth  ..........               (no ring)
                                (no ring)

@: not resistant to hostile enchantments, extremely unstealthy
A: negative energy resistance 1, electricity resistance, unbreathing,
petrification resistance, rot immunity, AC +4
a: no special abilities


You were on level 4 of the Dungeon.
You were not hungry.

You visited 1 branch of the dungeon, and saw 4 of its levels.

You collected 161 gold pieces.

Inventory:

Hand Weapons
 a - a +1 quarterstaff (weapon)
Armour
 b - a +0 chain mail (worn)
 k - a +1 helmet (worn)
Scrolls
 c - 2 scrolls of remove curse
 i - a scroll of enchant weapon
Potions
 d - a potion of magic {unknown}
 g - a potion of curing {unknown}
 l - a potion of invisibility {unknown}
 o - 2 potions of agility
 s - a potion of lignification {unknown}
 t - 2 potions of degeneration {unknown}
Comestibles
 f - 3 bread rations
 h - a slice of pizza
 j - a beef jerky
 u - 2 meat rations
 v - 4 chunks of flesh


   Skills:
 - Level 2.1 Fighting
 + Level 5.6 Staves
 - Level 1.7 Throwing
 - Level 2.4 Dodging


You had 4 spell levels left.
You didn't know any spells.

Dungeon Overview and Level Annotations

Branches:
Dungeon (4/15)
 Temple: D:4-7

Altars:
Kikubaaqudgha
Okawaru
Qazlal
Xom

Annotations:
D:4 Blork the orc


Innate Abilities, Weirdness & Mutations

You are resistant to torment.
Your stone body is resilient (AC +4).
You are immune to poison.
You resist negative energy.
You are resistant to electric shocks.
You can survive without breathing.
You are immune to petrification.
You are immune to rotting.


Message History

Found a shimmering altar of Xom.
The sheep burns! x5
The sheep burns! x5
Found a runed hunting sling.
The sheep burns!
The sheep explodes!
The fiery explosion engulfs you!
Ouch! That really hurt!
The sheep burns! x4
The sheep bellows! x3
The sheep burns!
The sheep explodes!
The sheep burns! x3
The sheep explodes!
There is a shimmering altar of Xom here.
The sheep burns!
The sheep explodes!
The fiery explosion engulfs you!
Ouch! That really hurt!
You die...

#############
#...........#
###.......%...#
#......%§%.%%.### #######
#.##...§§§..§§..####......
#...§_§.§.§%%.....#####
#.....@§§§§..######
#.....§§§§#.#####
#.....§.§§§%....#
.........Y...###.#
..######.####.# #.# .) #.#
#.# #.# ##.## #.#
#.#######
....###.###........
............<.#####


You could see a sheep (inner flame).

Vanquished Creatures
  Ijyb (D:3)
  3 adders
  4 worms
  A dart slug (D:1)
  A giant gecko (D:3)
  3 orcs (D:3)
  4 bats
  4 giant cockroaches
  6 goblins
  7 hobgoblins
  4 quokkas
  3 ball pythons (D:3)
  3 giant newts
  8 kobolds
  6 rats
58 creatures vanquished.

Vanquished Creatures (others)
  3 sheep (D:4)
3 creatures vanquished.

Grand Total: 61 creatures vanquished

Notes
Turn   | Place    | Note
--------------------------------------------------------------
     0 | D:1      | Kenran the Gargoyle Gladiator began the quest for the Orb.
     0 | D:1      | Reached XP level 1. HP: 12/12 MP: 1/1
   150 | D:1      | Reached XP level 2. HP: 17/17 MP: 2/2
   811 | D:2      | Reached skill level 4 in Staves
   811 | D:2      | Reached XP level 3. HP: 21/21 MP: 3/3
  1108 | D:2      | Found a stormy altar of Qazlal.
  1317 | D:2      | Reached XP level 4. HP: 25/26 MP: 4/4
  1502 | D:3      | Found an iron altar of Okawaru.
  1610 | D:3      | Reached skill level 5 in Staves
  1942 | D:3      | Found a faded altar to an unknown god.
  1988 | D:3      | Found an ancient bone altar of Kikubaaqudgha.
  2058 | D:3      | Noticed Ijyb
  2074 | D:3      | Killed Ijyb
  2548 | D:4      | Reached XP level 5. HP: 30/30 MP: 5/5
  2605 | D:4      | Noticed Blork the orc
  2923 | D:4      | Found a shimmering altar of Xom.
  2928 | D:4      | Killed from afar by a sheep

Vault maps used:
D:1:      minmay_arrival_split_and_join
D:2:      nicolae_qazlal_eye_of_the_storm
D:3:      lemuel_doored_altar, nicolae_overflow_crystal_walls,
          ecumenical_altar_2, first_bread, uniq_iyjb
D:4:      kb_xom_exploding_sheep, led_sif_book, uniq_blork_the_orc

Skill      XL: |  1  2  3  4 |
---------------+-------------+-----
Staves         | 4 5 |  5.6
Fighting       | |  2.1
Throwing       | |  1.7
Dodging        | |  2.4

Action                   |  1- 3 |  4- 6 || total
-------------------------+-------+-------++-------
Melee: Quarterstaff      |    72 |   101 ||   173
       Whip              |    51 |       ||    51
  Use: Scroll            |     4 |     5 ||     9
  Eat: Chunk             |     1 |     6 ||     7
Armor: Chain mail        |    78 |    51 ||   129
       Leather armour    |     2 |       ||     2
Dodge: Dodged            |    35 |    30 ||    65
